Cogmind - Beta 9.4 @@@ ROGUE MODE // 2020.03.18 @ 15:53:36 Player: 5taquitos Result: Destroyed by G-47 Trooper with Particle Gun Performance ------------- Evolutions (1) 500 Regions Visited (2) 400 Robots Destroyed (11) 55 Value Destroyed (215) 215 Prototype IDs (0) 0 Alien Tech Used (0) 0 Bonus (0) 0 TOTAL SCORE: 1170 Bonus ------- None Cogmind --------- Core Integrity 0/400 Matter 300/300 Energy 100/100 System Corruption 0% Temperature Cool (9) Movement Core (300) Ox5 Location -9/Materials Parts ------- > --- POWER (1) -------- (None) > --- PROPULSION (4) --- (None) > --- UTILITY (2) ------ Large Storage Unit Signal Interpreter > --- WEAPON (2) ------- (None) > --- INVENTORY (10) --- Small Storage Unit Large Storage Unit Visual Processing Unit Utility Shielding Peak State ------------ > --- POWER ------------ Ion Engine > --- PROPULSION ------- Light Treads Light Treads Aluminum Leg Aluminum Leg > --- UTILITY ---------- Small Storage Unit Signal Interpreter > --- WEAPON ----------- EM Pulse Gun Small Laser > --- INVENTORY -------- Visual Processing Unit Utility Shielding Light Assault Rifle [Rating: 9] Favorites ----------- Power Ion Engine Engine Ion Engine Propulsion Aluminum Leg Treads Light Treads Leg Aluminum Leg Utility Signal Interpreter Storage Large Storage Unit Processor Signal Interpreter Protection Utility Shielding Weapon Small Laser Energy Gun Small Laser Ballistic Gun Light Assault Rifle Build | -11 -10 -9 ------- Run | Scr Mat Mat Slots Evolved 2 | . . 2 Power . | . . . Propulsion 2 | . . 2 Utility . | . . . Weapon . | . . . Parts Attached 14 | 5 4 5 Power 1 | 1 . . Engine 1 | 1 . . Core . | . . . Reactor . | . . . Propulsion 5 | 2 . 3 Treads 2 | . . 2 Leg 3 | 2 . 1 Wheel . | . . . Hover . | . . . Flight . | . . . Utility 5 | . 4 1 Device . | . . . Storage 2 | . 1 1 Processor 2 | . 2 . Hackware . | . . . Protection 1 | . 1 . Artifact . | . . . Weapon 3 | 2 . 1 Energy Gun 2 | 2 . . Energy Cannon . | . . . Ballistic Gun 1 | . . 1 Ballistic Cannon . | . . . Launcher . | . . . Special Weapon . | . . . Impact Weapon . | . . . Slashing Weapon . | . . . Piercing Weapon . | . . . Special Melee Weapon . | . . . Unidentified Prototypes . | . . . Parts Lost 8 | . . 8 Power 1 | . . 1 Propulsion 4 | . . 4 Utility . | . . . Weapon 3 | . . 3 Highest Loss Streak 7 | . . 7 Average Slot Usage (%) 91 | . 89 92 Engine 11 | . 14 10 Treads 15 | . . 20 Leg 21 | . 28 19 Storage 10 | . 8 11 Processor 10 | . 8 11 Energy Gun 19 | . 28 17 Ballistic Gun 1 | . . 2 Naked Turns . | . . . Heaviest Build 24 | 8 12 24 Greatest Support 40 | 20 20 40 Greatest Overweight (x) 5 | . . 5 Average Overweight (x) . | . . . Largest Inventory Capacity 10 | 4 6 10 Average Capacity 8 | 4 5 9 Most Carried 6 | 4 5 6 Average Carried 4 | 3 4 4 Final Capacity 10 | 4 6 10 Final Carried 5 | 4 5 4 Class Distribution -------------------- 100% | Mutant Dominant Class ---------------- Mutant | -10/Materials Mutant | -9/Materials Resources | -11 -10 -9 ----------- Run | Scr Mat Mat Matter Collected 352 | 209 20 123 Remotely . | . . . Salvage Created 307 | . 20 287 Parts 28 | . 3 25 Haulers Intercepted . | . . . Recyclers Shooed . | . . . Parts Field Recycled . | . . . Retrieved Matter . | . . . Parts Self-Destructed . | . . . Prevented . | . . . Kills | -11 -10 -9 ------- Run | Scr Mat Mat Combat Hostiles Destroyed 7 | . . 7 Guns 7 | . . 7 Classes Destroyed 5 | . 1 4 Worker 1 | . . 1 Operator 1 | . . 1 Watcher 2 | . 1 1 Swarmer 3 | . . 3 Grunt 4 | . . 4 Best Kill Streak 4 | . 1 4 Combat Bots Only 3 | . . 3 Max Kills in Single Turn 2 | . 1 2 Gunslinging 1 | . . 1 Exploded . | . . . Melee . | . . . Uniques/NPCs Destroyed . | . . . Combat | -11 -10 -9 -------- Run | Scr Mat Mat Damage Taken 1244 | . 65 1179 Core 410 | . . 410 Absorbed by Shields . | . . . Core Remaining (%) 100 | 100 100 . Volleys Fired 33 | . 1 32 Largest 2 | . 2 2 Hottest 80 | . 80 80 Shots Fired 62 | . 2 60 Gun 62 | . 2 60 Cannon . | . . . Launcher . | . . . Special . | . . . Kinetic 22 | . . 22 Thermal 30 | . 1 29 Explosive . | . . . Electromagnetic 10 | . 1 9 Robot Hit Streak 12 | . 1 12 Robot Miss Streak 3 | . 1 3 Penetration Max . | . . . Secondary Targets 1 | . . 1 Max Gunslinging Chain 1 | . . 1 Shots Hit Robots 41 | . 1 40 Core Hits 17 | . 1 16 Critical Hits . | . . . Critical Kills . | . . . Critical Parts Destroyed . | . . . Melee Attacks . | . . . Impact . | . . . Slashing . | . . . Piercing . | . . . Sneak Attacks . | . . . Combat Hostiles . | . . . Follow-up Attacks . | . . . Damage Inflicted 532 | . 68 464 Guns 448 | . 22 426 Cannons . | . . . Explosions 71 | . 46 25 Melee . | . . . Ramming 13 | . . 13 Kinetic 106 | . . 106 Thermal 259 | . 46 213 Explosive . | . . . Electromagnetic 154 | . 22 132 Impact . | . . . Slashing . | . . . Piercing . | . . . Highest Corruption . | . . . Average Corruption . | . . . Corruption Purged . | . . . Overload Shots . | . . . Overflow Damage . | . . . Projectiles . | . . . Explosions . | . . . Melee . | . . . Knockbacks 1 | . . 1 Impact 1 | . . 1 Kinetic . | . . . Secondary . | . . . Self-Inflicted Damage 22 | . 22 . Shots 1 | . 1 . Rammed 1 | . . 1 Targets Rammed 1 | . . 1 Kicked . | . . . Crushed . | . . . Highest Temperature 79 | . 30 79 Average Temperature 26 | . 21 27 Received Heat Transfer 474 | . . 474 Siege Activations . | . . . Robots Corrupted . | . . . Combat Hostiles . | . . . Parts Fried . | . . . Impact Corruptions . | . . . Robots Melted . | . . . Combat Hostiles . | . . . Parts Melted . | . . . Heat Transferred 525 | . 50 475 Parts Sabotaged . | . . . Parts Stolen . | . . . Parts Stripped . | . . . Power Chain Reactions 2 | . 1 1 Missiles Intercepted . | . . . Alert | -11 -10 -9 ------- Run | Scr Mat Mat Peak Influence 236 | . 22 236 Average Influence 75 | . 14 110 Maximum Alert Level 1 | . . 1 Low Security (%) 89 | 100 100 83 Level 1 10 | . . 16 Level 2 . | . . . Level 3 . | . . . Level 4 . | . . . Level 5 . | . . . High Security . | . . . Max Security . | . . . Squads Dispatched 1 | . . 1 Investigation . | . . . Extermination . | . . . Reinforcement 1 | . . 1 Assault . | . . . Garrison . | . . . Intercept . | . . . Construction Impeded . | . . . Haulers Reinforced . | . . . Stealth | -11 -10 -9 --------- Run | Scr Mat Mat Distress Signals 1 | . . 1 Communications Jammed . | . . . Distress Signals . | . . . Times Spotted 20 | . 2 18 Peak Tracking Total 6 | . 2 6 Tactical Retreats 1 | . . 1 Traps | -11 -10 -9 ------- Run | Scr Mat Mat Traps Triggered 1 | . 1 . Indirectly . | . . . Trap Hack Attempts . | . . . Triggered . | . . . Disarmed . | . . . Reprogrammed . | . . . Reused . | . . . Traps Extracted . | . . . Installed . | . . . Triggered . | . . . Machines | -11 -10 -9 ---------- Run | Scr Mat Mat Machines Disabled . | . . . Max in Single Turn . | . . . Machines Sabotaged . | . . . Garrisons Compromised . | . . . Overloaded Fab Kills . | . . . Fab Network Shutdowns . | . . . Hacking | -11 -10 -9 --------- Run | Scr Mat Mat Machines Accessed 1 | . . 1 Terminals 1 | . . 1 Fabricators . | . . . Repair Stations . | . . . Recycling Units . | . . . Scanalyzers . | . . . Garrison Access . | . . . Total Hacks 2 | . . 2 Successful . | . . . Failed 2 | . . 2 Catastrophic 2 | . . 2 Database Lockouts . | . . . Manual . | . . . Terminals 2 | . . 2 Fabricators . | . . . Repair Stations . | . . . Recycling Units . | . . . Scanalyzers . | . . . Garrison Access . | . . . Terminal Hacks . | . . . Fabricator Hacks . | . . . Repair Station Hacks . | . . . Recycling Unit Hacks . | . . . Scanalyzer . | . . . Garrison Access Hacks . | . . . Unauthorized Hacks . | . . . Terminals . | . . . Fabricators . | . . . Repair Stations . | . . . Recycling Units . | . . . Scanalyzers . | . . . Garrison Access . | . . . Data Cores Recovered . | . . . Used . | . . . Hacking Detections 1 | . . 1 Full Trace Events . | . . . Feedback Events . | . . . Feedback Blocked . | . . . Robot Schematics Acquired . | . . . Robots Built . | . . . Matter . | . . . Time . | . . . Total Robot Build Rating . | . . . Part Schematics Acquired . | . . . Parts Built . | . . . Matter . | . . . Time . | . . . Total Part Build Rating . | . . . Parts Repaired . | . . . Time . | . . . Parts Recycled . | . . . Recycled Matter . | . . . Retrieved Matter . | . . . Retrieved Components . | . . . Parts Scanalyzed . | . . . Part Schematics Acquired . | . . . Parts Damaged . | . . . Bothacking | -11 -10 -9 ------------ Run | Scr Mat Mat Used RIF Installer . | . . . Robots Hacked . | . . . Non-combat . | . . . Combat . | . . . Robot Hacks Applied . | . . . Relay Couplers Released . | . . . Robots Rewired . | . . . Allies Hacked . | . . . Hacks Repelled . | . . . Allies | -11 -10 -9 -------- Run | Scr Mat Mat Total Allies . | . . . Largest Group . | . . . Highest-Rated Group . | . . . Highest-Rated Ally . | . . . Total Orders . | . . . Ally Attacks . | . . . Total Damage . | . . . Kills . | . . . Allies Corrupted . | . . . Allies Melted . | . . . Intel | -11 -10 -9 ------- Run | Scr Mat Mat Robot Analysis Total . | . . . Derelict Logs Recovered . | . . . Drone Launches . | . . . Drone Recoveries . | . . . Exploration | -11 -10 -9 ------------- Run | Scr Mat Mat Turns Passed 566 | 72 124 370 Spaces Moved 301 | 55 95 151 Core 20 | 9 . 11 Treads 140 | . . 140 Legs 141 | 46 95 . Wheels . | . . . Hover . | . . . Flight . | . . . Fastest Speed 50 | 50 120 160 Average Speed 143 | 108 120 170 Slowest Speed 300 | 120 120 300 Overloaded Moves . | . . . Propulsion Burnouts . | . . . Robots Hopped . | . . . Cave-ins Triggered . | . . . Exploration Rate (%) 13 | 4 20 16 Regions Visited 2 Branch Regions . Pre-discovered Areas . | . . . Known Exits Taken 1 | . 1 . Unknown Exits Taken 1 | 1 . . Scrap Searched . | . . . Spaces Dug . | . . . Terrain Destroyed 7 | . 4 3 Melee . | . . . Projectile . | . . . AOE 7 | . 4 3 Actions | -11 -10 -9 --------- Run | Scr Mat Mat Total 376 | 65 102 209 Wait 16 | . . 16 Move 299 | 54 94 151 Hop . | . . . Pick Up 9 | 5 2 2 Fast Attach 7 | 5 2 . Attach 4 | . 1 3 Detach . | . . . Swap 3 | . 1 2 Drop 4 | 1 1 2 Fire 33 | . 1 32 Melee . | . . . Ram . | . . . Kick . | . . . Crush 1 | . . 1 Escape Stasis . | . . . Rewire . | . . . Trap . | . . . Miscellaneous . | . . . Route ------- -11/Scrapyard -10/Materials -9/Materials History --------- Turn | Location | Event 8 | -11/Scrapyard | Discovered new exit (range 15) 73 | -11/Scrapyard | Entered Materials 167 | -10/Materials | Discovered new exit (range 15) 184 | -10/Materials | Identified exit to Materials 197 | -10/Materials | Entered another Materials area 197 | -9/Materials | Evolved 2 slots: Propulsion x2 304 | -9/Materials | Build established: Mutant 544 | -9/Materials | Core integrity fell below 50% 552 | -9/Materials | Core integrity fell below 20% 567 | -9/Materials | Lost 7 parts (1p4n2w) 567 | -9/Materials | Destroyed by G-47 Trooper with Particle Gun Last Messages --------------- 00498_ Acquired 30 matter. 00505_ Acquired Aluminum Leg. 00505_ K-01 Serf collects debris. 00510_ Acquired 1 matter. 00515_ K-01 Serf collects debris. 00516_ Acquired 1 matter. 00517_ Aluminum Leg destroyed. 00518_ Acquired 1 matter. 00518_ K-01 Serf collects debris. 00521_ Acquired 1 matter. 00521_ Sml. Laser destroyed. 00524_ Acquired 1 matter. 00530_ Lgt. Treads destroyed. 00530_ Aluminum Leg destroyed. 00532_ Critical hit. 00532_ Lgt. Assault Rifle destroyed. 00534_ Lgt. Treads destroyed. 00535_ Dropped Aluminum Leg. 00536_ Ion Engine destroyed. 00545_ S-10 Pest destroyed. Map ----- +----------------------------------------------------+ | ???????????????????????????????????# !#????? | | ?????????????????????????????####### !!##????? | | ?????????????????????????????# # ########## | | ?????????????????????????????# # # # | | ?????????????????????????????# """ # # """" # | | ?????????????????????????????# """ # # """" # | | ?????????????????????????????# """ # # """" # | | ?????????????????????????????# + + # | | ?????????????????????????????# """ # # """" # | | ?????????????????????????????# """ # # """" # | | ?????????????????????????????# """ # # """" # | | ?????????????????????????????# # # # | | ?????????????????????######??# # ########## | | ?????????????????????# #??# # #????????? | | ?????????????????????# ! "########## ########## | | ?????????????????????# T## # # # | | ?????????????????????# "## # #""" "# | | ?????????????????????# ## # [#""" "# | | ?????????????????????# ! ## # =#""" "# | | ?????????????????????# ;# # %=+ ! * T# | | ???????#?????????????# % ## # [=#""" "# | | ???????# ???????????# ## + %#""" "# | | ??##### ############+;;# # #""" "# | | ??? # ##### # | | ????? % + #???########## | | ?????? *gg=@ # #????????????? | | ??????? =% ###### w # #########????????????? | | ????#####+#####??# # #????????????????????? | | ????# !=%! #??# # +????????????????????? | | ????# = [#??# # #????????????????????? | | ????# *#### == # #????????????????????? | | ????# =%+% # #????????????????????? | | ????# !## # #????????????????????? | | ????# ##% # #????????????????????? | | ????# ## ## #????????????????????? | | ????# ##=% ## #????????????????????? | | ????############ ## #????????????????????? | | ???????????????# ## #????????????????????? | | ???????????????# ## #????????????????????? | | ??????????????? #? ?????????????????????? | | ??????????????## #? ?????????????????????? | | ???????????????# #?????????????????????????? | | ???????????????# #?????????????????????????? | | ???????????????# #?????????????????????????? | | ???????????????# #?????????????????????????? | | ???????????????# #?????????????????????????? | | ???????????????# #?????????????????????????? | | ???????????????# #?????????????????????????? | | ???????????????? ??????????????????????????? | | ????????????????###+????????????????????????????? | +----------------------------------------------------+ Best States ------------- Heat Dissipation 28 Energy Generation 10 Energy Capacity 250 Matter Stores 300 Matter Capacity 300 Sight Range 16 Terrain Scan Density 10 Utility Shielding 33 Evasion (%) 40 Recoil Reduction 2 Item Schematics ----------------- None Robot Schematics ------------------ None Fabricated ------------ Nothing Alien Tech Used ----------------- None Achievements -------------- None Challenges ------------ None Game ------ Seed SensorSupersonicBattery Manual? 0 Play Time 00:09:22 Cumulative 14.4 hours Start 2020.03.18 @ 15:45:37 End 2020.03.18 @ 15:53:36 Sessions 1 Manual Loads 0 Difficulty Rogue Special Mode None Game No. 18 Rogue 18 Adventurer 0 Explorer 0 Win Type - Total 0 Types 0/0/0/0/0/0/0 Lore% 22 Gallery% 22 Achievement% 21 Wizard Run 0 Options --------- ASCII 0 Keyboard 0 Movement Mouse Keybinds 0 Fullscreen 1 Font 18/SmallcapsGlow Map View 76x50 Tactical HUD 1 Map Filters NONE Filters NONE Steam 1 RUN: 51da1f9a-5844-47a7-bf8c-c00f1f106945